 Dungeon Crawl Stone Soup version 0.30.1-3-gfc49f6343a (webtiles) character file.

Game seed: 18353088036953286563

191 Descartes the Covert (level 5, -8/27 HPs)
             Began as a Spriggan Delver on July 20, 2023.
             Killed by divine providence
             ... invoked by an orc priest
              (16 damage)
             ... on level 3 of the Dungeon.
             The game lasted 00:08:18 (2941 turns).

Descartes the Covert (Spriggan Delver)              Turns: 2941, Time: 00:08:19

Health: -8/27      AC: -3    Str:  8    XL:     5   Next: 41%
Magic:  6/6        EV: 19    Int: 11    God:
Gold:   173        SH:  0    Dex: 19    Spells: 4/4 levels left

rFire   . . .        j - +0 dagger (protect)
rCold   . . .        (no shield)
rNeg    . . .        b - +0 robe
rPois   .            (helmet restricted)
rElec   .            (no cloak)
rCorr   .            (gloves unavailable)
SInv    +            (boots unavailable)
Will    .....        (no amulet)
Stlth   ++++         (no ring)
HPRegen 0.24/turn    (no ring)
MPRegen 0.10/turn

%: no passive effects
@: corroded, under a protective aura, very quick
A: very small, no large weapons, unfitting armour, see invisible, speed 3
a: no special abilities


You were on level 3 of the Dungeon.
You visited 1 branch of the dungeon, and saw 5 of its levels.

You collected 173 gold pieces.

Inventory:

Hand Weapons
 a - a +0 short sword
 j - a +0 dagger of protection (weapon)
Missiles
 m - 5 boomerangs (quivered)
 p - 9 poisoned darts
Armour
 b - a +0 robe (worn)
Wands
 g - a wand of digging (3)
Scrolls
 c - 3 scrolls of fog
 d - 2 scrolls of magic mapping
 e - 3 scrolls of fear
 i - 2 scrolls of amnesia {unknown}
 r - 2 scrolls of teleportation {unknown}
 v - a scroll of identify {unknown}
Potions
 f - a potion of haste
 h - a potion of mutation {unknown}
 k - 3 potions of invisibility {unknown}
 l - a potion of lignification {unknown}
 n - a potion of ambrosia {unknown}
 o - a potion of resistance {unknown}
 q - a potion of flight {unknown}
 s - 2 potions of degeneration {unknown}
 t - a potion of berserk rage {unknown}
 u - a potion of curing {unknown}


   Skills:
 - Level 2.4 Fighting
 + Level 3.5 Short Blades
 + Level 4.4 Dodging
 * Level 9.4 Stealth


You had 4 spell levels left.
You didn't know any spells.
Your spell library contained the following spells:

 Spells                   Type           Power      Damage    Failure   Level
 Apportation              Tloc           0%         N/A       34%         1
 Necrotise                Necr           0%         1d4       34%         1
 Summon Small Mammal      Summ           0%         N/A       34%         1
 Volatile Blastmotes      Fire/Tloc      0%         2d10      71%         3
 Fulminant Prism          Conj/Hex       0%         3d5       98%         4
 Iskenderun's Mystic Bla  Conj/Tloc      0%         2d3       98%         4
 Lee's Rapid Deconstruct  Erth           0%         3d4*      100%        5


Dungeon Overview and Level Annotations

Branches:
Dungeon (5/15)
 Temple: D:4-7

Altars:
Zin
The Shining One


Innate Abilities, Weirdness & Mutations

You are very small and have problems with some larger weapons.
You are too small for most types of armour.
You have supernaturally acute eyesight. (SInv)
You cover ground extremely quickly. (Speed+++)


Message History

The orc shouts!
You hit the orc.
The orc is heavily wounded.
You hear a shout!
The orc barely misses you.
You hit the orc.
The orc is almost dead.
You closely miss the orc.
The orc is almost dead.
The orc barely misses you.
You barely miss the orc.
The orc is almost dead.
The orc barely misses you.
You hit the orc but do no damage.
The orc is almost dead.
The orc completely misses you.
You hit the orc.
You kill the orc!
You hit the jelly. The acid corrodes you!
Your hands burn!
The jelly is moderately wounded.
The jelly closely misses you.
You hit the jelly but do no damage. The acid corrodes you!
Your hands burn!
The jelly is moderately wounded.
You hit the jelly but do no damage. The acid corrodes you!
Your hands burn!
The jelly is moderately wounded.
The jelly hits you.
You are splashed with acid.
* * * LOW HITPOINT WARNING * * *
The orc priest looks satisfied for a moment.
You are too injured to fight recklessly!
You are too injured to fight recklessly!
You are too injured to fight recklessly!
You are too injured to fight recklessly!
You are too injured to fight recklessly!
You are too injured to fight recklessly!
You are too injured to fight recklessly!
You are too injured to fight recklessly!
The orc priest calls down the wrath of Beogh upon you.
Beogh smites you!
Ouch! That really hurt!
You die...

.....##
#.#..##.##.#........##.#
#...##
#.#.........#.########..#
##### #....#.....#.# #.##
##.........#.# #.#
#####.....#.### #.#
##.oo..>..# #.##
##)#.....# #..# #J#^....#
##.# #########@#.....#
#.# #.......#.#..)..# #.#
#.#####.#.####### #.#
#.####......##### #.#
#.##......#.#...### #.#
#..>....#.........# #.#
#.##.#..#.#.#...#># #.#
#.......#.#.##.##.#####.#
#.##........##..........#


You could see a jelly, an orc priest and an orc.

Vanquished Creatures
  A scorpion (D:5)
  6 adders
  5 worms (D:2)
  2 orcs (D:3)
  6 bats
  6 endoplasms
  3 giant cockroaches (D:1)
  5 goblins
  7 hobgoblins
  2 kobolds
  4 quokkas
  5 ball pythons
  3 frilled lizards
  4 rats
59 creatures vanquished.

Notes
Turn   | Place    | Note
-------+----------+-------------------------------------------
     0 | D:5      | Descartes the Spriggan Delver began the quest for the Orb.
     0 | D:5      | Reached XP level 1. HP: 11/11 MP: 2/2
   101 | D:5      | Noticed a hound
   165 | D:5      | Noticed a scorpion
   167 | D:5      | Noticed an orc wizard
   170 | D:5      | Noticed an ogre
   171 | D:5      | Killed a scorpion
   172 | D:5      | Reached skill level 8 in Stealth
   172 | D:5      | Reached XP level 2. HP: 16/16 MP: 3/3
   172 | D:5      | Reached XP level 3. HP: 19/19 MP: 4/4
   544 | D:2      | Reached XP level 4. HP: 20/23 MP: 5/5
   964 | D:2      | Reached skill level 9 in Stealth
  1418 | D:1      | Reached XP level 5. HP: 22/27 MP: 6/6
  1781 | D:1      | Found a faded altar of an unknown god.
  2442 | D:3      | Found a glowing golden altar of the Shining One.
  2450 | D:3      | Found a glowing silver altar of Zin.
  2668 | D:3      | Identified the +1 leather armour "Duuruf" {-Tele rF+ rN+
                  | Dex+2}
  2941 | D:3      | Killed from afar by an orc priest

Illustrated notes

Levels and vault maps discovered:
D:1:      wander_arrival_estate, layout_loops_ring,
          shapermc_ecumenical_altar_starsandcircs, chequers_decorated_corner
D:2:      layout_basic, minmay_fountain_box
D:3:      layout_loops_cross, nicolae_overflow_squiral
D:4:      layout_basic, mainiacjoe_overflow_chevrons, dk_noncrumbling_2
D:5:      layout_cave_pods, temple_hall

Skill      XL: |  1  2  3  4 |
---------------+-------------+-----
Short Blades   | 3 |  3.5
Dodging        | 3 4 |  4.4
Stealth        | 8 9 |  9.4
Fighting       | |  2.4

Action                     |  1- 3 |  4- 6 || total
---------------------------+-------+-------++-------
  Melee: Short sword       |     6 |       ||     6
         Dagger            |    29 |   271 ||   300
         Punch             |     1 |     6 ||     7
   Stab: Sleeping          |     4 |    30 ||    34
         Distracted        |       |     1 ||     1
 Armour: Robe              |     3 |    23 ||    26
  Dodge: Dodged            |    13 |   141 ||   154
